 Dungeon Crawl Stone Soup version 0.24.0-1-gfbc8707122 (webtiles) character file.

Game seed: 1994700638350644509, levelgen mode: deterministic

2830 iamserjio the Ducker (level 9, -2/61 (62) HPs)
             Began as an Octopode Air Elementalist on Oct 27, 2019.
             Was a Believer of Makhleb.
             Slain by Grum
             ... wielding a -1 spear
              (20 damage)
             ... on level 9 of the Dungeon.
             The game lasted 00:21:05 (11315 turns).

iamserjio the Ducker (Octopode Air Elementalist)   Turns: 11315, Time: 00:21:06

HP:   -2/61 (62)    AC:  1    Str:  9    XL:     9   Next: 73%
MP:   13/13         EV: 16    Int: 18    God:    Makhleb [**....]
Gold: 260           SH:  6    Dex: 13    Spells: 1/14 levels left

rFire    . . .     SeeInvis .   O - +3 war axe (elec)
rCold    . . .     Gourm    +   n - +1 buckler
rNeg     + . .     Faith    .   (helmet restricted)
rPois    .         Spirit   .   B - amulet of the gourmand
rElec    .         Reflect  .   r - ring of positive energy
rCorr    .         Harm     .   (no ring)
MR       .....                  (no ring)
Stlth    +++.......             (no ring)
HPRegen  0.20/turn              (no ring)
MPRegen  0.13/turn              (no ring)
                                (no ring)
                                (no ring)

@: no status effects
A: almost no armour, stealthy swim, amphibious, 8 rings, constrict 8, camouflage
1, gelatinous body 1
a: Minor Destruction, Renounce Religion


You were on level 9 of the Dungeon.
You worshipped Makhleb.
Makhleb was pleased with you.
You were full.

You visited 1 branch of the dungeon, and saw 9 of its levels.
You also visited: Sewer.

You collected 529 gold pieces.
You spent 269 gold pieces at shops.

Inventory:

Hand Weapons
 a - a +0 war axe
 t - a +0 spear
 E - a +1 dagger of venom
 O - a +3 war axe of electrocution (weapon)
Missiles
 g - a throwing net (quivered) {!f}
 q - 121 arrows
 A - 2 boomerangs
Armour
 n - a +1 buckler (worn)
Jewellery
 r - a ring of positive energy (left tentacle)
 B - an amulet of the gourmand (around mantle)
Wands
 h - a wand of acid (6)
Scrolls
 c - 7 scrolls of teleportation {@r3}
 e - 2 scrolls of noise
 f - 4 scrolls of remove curse {@r2}
 o - a scroll of random uselessness
 p - 2 scrolls of enchant armour
 x - 2 scrolls of amnesia {unknown}
 I - a scroll of blinking {unknown}
 J - 2 scrolls of fog {unknown}
 K - 3 scrolls of fear {unknown}
Potions
 d - 7 potions of curing {@q1}
 j - a potion of haste {unknown}
 k - 2 potions of lignification
 l - 2 potions of mutation {unknown}
 m - 3 potions of brilliance
 D - 3 potions of heal wounds {unknown}
 F - a potion of invisibility {unknown}
 G - a potion of might {unknown}
 H - a potion of agility {unknown}
 M - a potion of magic {unknown}
Comestibles
 b - 17 rations


   Skills:
 + Level 6.3 Fighting
 * Level 6.5 Axes
 + Level 6.6 Dodging
 - Level 2.6 Stealth
 - Level 4.0 Shields
 + Level 3.2 Spellcasting
 - Level 1.0 Conjurations
 - Level 2.0 Hexes
 - Level 2.0 Necromancy
 - Level 3.0 Air Magic
 + Level 2.7 Invocations


You had one spell level left.
You knew the following spells:

 Your Spells              Type           Power        Failure   Level  Hunger
a - Shock                 Conj/Air       ##..         7%          1    None
b - Swiftness             Chrm/Air       #.......     13%         2    ##.....
c - Airstrike             Air            ##........   43%         4    ####...
d - Confusing Touch       Hex            ##....       7%          1    None
e - Animate Skeleton      Necr           N/A          7%          1    None
f - Apportation           Tloc           #.....       16%         1    None
g - Call Canine Familiar  Summ           #.......     43%         3    ###....

Your spell library contained the following spells:

 Spells                   Type           Power        Failure   Level  Hunger
 Beastly Appendage        Tmut           #.....       16%         1    None
 Summon Small Mammal      Summ           #...         16%         1    None
 Static Discharge         Conj/Air       ##......     22%         3    ###....
 Call Imp                 Summ           #.......     24%         2    ##.....
 Sticks to Snakes         Tmut           #.......     24%         2    ##.....
 Summon Guardian Golem    Hex/Summ       #.......     32%         3    ###....
 Spider Form              Tmut/Pois      #.........   43%         3    ###....
 Summon Lightning Spire   Summ/Air       #.......     65%         4    ####...
 Ice Form                 Ice/Tmut       #.......     85%         4    ####...
 Summon Ice Beast         Ice/Summ       #.......     85%         4    ####...
 Lightning Bolt           Conj/Air       ##........   89%         5    ######.
 Blade Hands              Tmut           #.........   99%         5    ######.


Dungeon Overview and Level Annotations

Branches:
Dungeon (9/15)             Temple (0/1) D:6            Lair (0/6) D:8
  Sewer (visited)
    Orc: D:9-12

Altars:
Ashenzari
Fedhas
Hepliaklqana
Makhleb
Wu Jian
The Shining One

Shops:
D:4 (   D:8 :

Annotations:
D:3 2 transporters, Fingolfin's ghost, amateur MfEn
D:6 exclusions: 2 doors and ogre
D:7 Dowan; Duvessa; Joseph
D:8 exclusion: komodo dragon, Erica
D:9 Grum


Innate Abilities, Weirdness & Mutations

You cannot wear most types of armour.
You are very stealthy in the water. (Stealth+)
You are amphibious.
You can wear up to eight rings at the same time.
You can use your tentacles to constrict eight enemies at once.
Your skin changes colour to match your surroundings (Stealth+).
Your rubbery body absorbs attacks. (AC +1, EV +1)


Message History

You block the wolf's attack. Grum misses you. The wolf bites you.
You hit the wolf. Lightning courses through the wolf!
You kill the wolf!
Makhleb accepts your kill. You block Grum's attack.
There is an open door here.
A wolf comes into view.
There is an open door here.
Aiming: Corrosive Bolt
Aim: a wolf The bolt of acid hits Grum!
Grum is splashed with acid.
The acid corrodes Grum!
The bolt of acid hits the wolf!
The wolf is splashed with acid.
The acid corrodes the wolf!
Grum hits you from afar with a -1 spear!
* * * LOW HITPOINT WARNING * * *
Aiming: Corrosive Bolt The bolt of acid hits Grum!
Grum is splashed with acid.
Grum seems to be corroded for longer.
Grum hits you from afar with a -1 spear!!
You die...

########### #.........######
############ #...............
#..........# #.........#####.
#..........#######.........#
##
#.....รท....##hg.@..........#
#..........'..####.........#
#..........#### #.........#
#######'#### ###.####### #.#
###.# #.# #...# #.. #.###
###. #.# #+ #.#


You could see Grum and a wolf.

Vanquished Creatures
  An ice beast (D:6)
  A sky beast (D:6)
  A phantom (D:4)
  A necrophage (D:6)
  3 ogres
  A centaur (D:6)
  A wolf (D:9)
  A big kobold (D:5)
  5 bullfrogs
  2 scorpions
  12 killer bees (D:7)
  2 howler monkeys (D:8)
  A bullfrog zombie (D:6)
  2 crimson imps
  A centaur zombie (D:6)
  5 hounds
  An orc priest (D:4)
  2 orc wizards
  A bullfrog skeleton (D:8)
  2 iguanas
  7 worker ants
  A hound zombie (D:7)
  A hound skeleton (D:8)
  2 worker ant zombies
  3 gnolls (D:2)
  12 adders
  A howler monkey skeleton (D:4)
  3 river rats (Sewer)
  2 shadow imps
  2 oozes
  2 worms
  3 dart slugs
  8 leopard geckos
  10 orcs
  4 bats
  3 giant cockroaches
  6 hobgoblins
  6 jackals
  2 quokkas
  10 ball pythons
  6 frilled lizards
  3 goblins
  12 kobolds
  33 rats
188 creatures vanquished.

Notes
Turn   | Place    | Note
-------+----------+-------------------------------------------
     0 | D:1      | iamserjio the Octopode Air Elementalist began the quest for
                  | the Orb.
     0 | D:1      | Reached XP level 1. HP: 11/11 MP: 3/3
    94 | D:1      | Reached skill level 1 in Fighting
   706 | D:1      | Reached XP level 2. HP: 18/18 MP: 5/5
   728 | D:1      | Learned a level 2 spell: Swiftness
  1480 | D:1      | Reached XP level 3. HP: 18/25 MP: 6/6
  2380 | D:2      | Reached XP level 4. HP: 24/32 MP: 0/7
  3013 | D:2      | Learned a level 4 spell: Airstrike
  3055 | D:3      | Found a glowing golden altar of the Shining One.
  3400 | D:3      | Found a burning altar of Makhleb.
  3407 | D:3      | Reached skill level 1 in Shields
  3407 | D:3      | Reached XP level 5. HP: 37/37 MP: 8/8
  3412 | D:3      | Became a worshipper of Makhleb the Destroyer
  3483 | D:3      | Found a transporter.
  3483 | D:3      | Noticed Fingolfin's ghost (amateur MfEn)
  3483 | D:3      | Noticed an ogre
  3484 | D:3      | Found a transporter.
  3484 | D:3      | Noticed an ogre
  3508 | D:3      | Found a blossoming altar of Fedhas.
  3538 | D:3      | Noticed an ogre
  3874 | D:3      | Found a shattered altar of Ashenzari.
  3908 | D:3      | Learned a level 1 spell: Confusing Touch
  4282 | D:4      | Reached XP level 6. HP: 41/43 MP: 5/9
  4657 | D:4      | Noticed a phantom
  4691 | D:4      | Killed a phantom
  4691 | D:4      | Reached XP level 7. HP: 36/48 MP: 2/10
  5294 | D:4      | Found Hixt's Weapon Shop.
  5331 | D:4      | Learned a level 1 spell: Animate Skeleton
  5338 | D:5      | Entered Level 5 of the Dungeon
  5593 | D:5      | Reached skill level 1 in Axes
  6173 | D:5      | Learned a level 1 spell: Apportation
  6326 | D:6      | Found a staircase to the Ecumenical Temple.
  6376 | D:6      | Found a glowing drain.
  6381 | Sewer    | Entered a sewer
  6420 | Sewer    | Reached * piety under Makhleb
  6438 | Sewer    | Reached skill level 5 in Dodging
  6708 | Sewer    | Reached ** piety under Makhleb
  7128 | Sewer    | Reached XP level 8. HP: 31/54 MP: 7/11
  7500 | D:6      | Reached skill level 5 in Fighting
  7599 | D:6      | Found an ornate altar of the Wu Jian Council.
  8465 | D:7      | Noticed Duvessa
  8465 | D:7      | Noticed Dowan
  8797 | D:4      | Bought a +2 war axe of electrocution for 269 gold pieces
  8914 | D:4      | Reached skill level 5 in Axes
  9433 | D:6      | Reached skill level 1 in Hexes
  9433 | D:6      | Reached skill level 1 in Necromancy
  9433 | D:6      | Reached skill level 1 in Invocations
  9433 | D:6      | Reached XP level 9. HP: 61/61 MP: 10/12
  9640 | D:7      | Noticed Joseph
 10215 | D:7      | Learned a level 3 spell: Call Canine Familiar
 10662 | D:8      | Found a staircase to the Lair.
 10663 | D:8      | Noticed a komodo dragon
 10670 | D:8      | Found Uroerid's Book Shop.
 10680 | D:8      | Noticed Erica
 10912 | D:9      | Found a hazy altar of Hepliaklqana.
 10921 | D:9      | Noticed a troll
 11295 | D:9      | Noticed Grum
 11315 | D:9      | Slain by Grum

Levels and vault maps discovered:
D:1:      dpeg_arrival_shrine, layout_basic, kennysheep_pointless_box
D:2:      cheibrodos_helix_gallery, layout_rooms
D:3:      layout_loops_ring, makhleb_grotto_becter, marbit_many_paths,
          nicolae_overflow_hidden_temple, gammafunk_ghost_smash,
          fedhas_altar_fruit_tree
D:4:      layout_cave_pods, serial_shops, nicolae_shop_waterfront
D:5:      layout_loops_ring, first_ration
D:6:      minmay_thinvault, layout_basic, kennysheep_mini_moat,
          minmay_temple_entry_slanted, portal_sewer_entry_e
D:7:      layout_basic, grunt_ogre_cave, uniq_joseph, uniq_duvessa
D:8:      layout_loops_ring, david_lair_shrubbed, serial_shops, shop,
          chequers_avenue, uniq_erica
D:9:      layout_roguey, lemuel_doored_altar, uniq_grum

Skill      XL: |  1  2  3  4  5  6  7  8  9 |
---------------+----------------------------+-----
Fighting       | 1 2 3 4 5 6 |  6.3
Shields        | 1 2 3 4 |  4.0
Dodging        | 3 4 5 6 |  6.6
Axes           | 2 5 6 |  6.5
Hexes          | 1 2 |  2.0
Necromancy     | 1 2 |  2.0
Invocations    | 1 2 |  2.7
Spellcasting   | 3 |  3.2
Stealth        | |  2.6
Conjurations   | |  1.0
Air Magic      | |  3.0

Action                   |  1- 3 |  4- 6 |  7- 9 || total
-------------------------+-------+-------+-------++-------
Melee: Unarmed           |    27 |       |       ||    27
       Constrict         |    19 |    23 |    75 ||   117
       Tentacles         |    10 |     9 |    59 ||    78
       Short sword       |    55 |    25 |       ||    80
       Quarterstaff      |       |    71 |    13 ||    84
       Spear             |       |       |   248 ||   248
       War axe           |       |       |   131 ||   131
       Dagger            |       |       |     9 ||     9
Throw: Dart              |       |     5 |     5 ||    10
 Cast: Shock             |    22 |    16 |       ||    38
       Airstrike         |       |     2 |       ||     2
       Confusing Touch   |       |       |     8 ||     8
       Swiftness         |       |       |     1 ||     1
Evoke: Wand              |       |       |     2 ||     2
  Use: Scroll            |     2 |     4 |    11 ||    17
       Potion            |       |     1 |     1 ||     2
 Stab: Sleeping          |    12 |     3 |    19 ||    34
       Distracted        |       |     1 |       ||     1
       Confused          |       |       |     4 ||     4
  Eat: Chunk             |     5 |     7 |    24 ||    36
       Ration            |       |       |     1 ||     1
Armor: Skin              |     9 |     6 |    13 ||    28
Dodge: Dodged            |    43 |    64 |   289 ||   396
Block: Buckler           |       |       |   101 ||   101
